 Dungeon Crawl Stone Soup version 0.14.0-26-g1682e81 (webtiles) character file.

589 Leibowitz the Ducker (level 7, -10/43 HPs)
             Began as a Kobold Fighter on Apr 27, 2014.
             Mangled by an ogre
             ... wielding a +0,+0 giant spiked club
              (30 damage)
             ... on Level 5 of the Dungeon.
             The game lasted 00:17:38 (5453 turns).

Leibowitz the Ducker (Kobold Fighter)               Turns: 5453, Time: 00:17:38

HP -10/43        AC  6     Str 16      XL: 7   Next: 18%
MP   7/7         EV 15     Int  6      God:
Gold 162         SH 12     Dex 16      Spells:  0 memorised,  6 levels left

rFire  . . .     SeeInvis .     a - +0 cutlass
rCold  . . .     Clarity  .     l - +1 leather armour
rNeg   . . .     Conserve .     c - +0 buckler
rPois  .         rCorr    .     (no helmet)
rElec  .         rRot     .     (no cloak)
SustAb . .       Spirit   .     m - +0 pair of gloves
rMut   .         Warding  .     (no boots)
Saprov + + .     Stasis   .     (no amulet)
MR     .....                    (no ring)
                                (no ring)

@: not resistant to hostile enchantments, stealthy
A: disease resistance, carnivore 3, mutation resistance 1, saprovore 2, shaggy
fur 1
a: no special abilities


You were on level 5 of the Dungeon.
You were completely stuffed.

You visited 1 branch of the dungeon, and saw 5 of its levels.

You collected 162 gold pieces.

Inventory:

Hand weapons
 a - a +0,+0 cutlass (weapon)
Missiles
 j - 19 poisoned needles
 r - 19 stones (quivered)
 s - 6 needles of sleeping
Armour
 c - a +0 buckler (worn)
 l - a +1 leather armour (worn)
 m - a +0 pair of gloves (worn)
Comestibles
 d - 4 meat rations
 t - a chunk of bat flesh
 u - a chunk of rat flesh
Scrolls
 b - 6 scrolls of identify
 g - 2 scrolls of blinking {unknown}
 h - 3 scrolls of fog
 n - a scroll of enchant weapon II {unknown}
 o - a scroll of enchant armour {unknown}
 p - a scroll of fear
 q - 2 scrolls of teleportation
Potions
 f - a potion of curing
 k - a potion of brilliance
Books
 i - a book of Ice

   Spells                             Type                      Level
   Freezing Aura                      Charms/Ice                   2
   Metabolic Englaciation             Hexes/Ice                    5
   Ozocubu's Refrigeration            Ice                          6
   Bolt of Cold                       Conjuration/Ice              6
   Freezing Cloud                     Conjuration/Ice/Air          6
   Simulacrum                         Ice/Necromancy               6


   Skills:
 * Level 4.0 Fighting
 + Level 3.6 Short Blades
 + Level 2.6 Armour
 + Level 4.9 Dodging
 * Level 3.9 Stealth
 * Level 3.6 Shields


You had 6 spell levels left.
You didn't know any spells.

Dungeon Overview and Level Annotations

Branches:
Dungeon (5/15)
 Temple: D:4-7

Altars:
Cheibriados
Dithmenos
Elyvilon
Fedhas
Makhleb
Yredelemnul


Innate Abilities, Weirdness & Mutations

You recuperate from illness quickly.
You are small and have problems with some larger weapons.
You are carnivorous and can eat meat at any time.
You can eat rotten meat.
You are somewhat resistant to further mutation.
You are covered in fur (AC +1).


Message History

Aim: an ogre, wielding a giant spiked club (lightly wounded)
You throw a stone. The stone hits the ogre.
The ogre is lightly wounded.
You puncture the ogre!
The ogre is moderately wounded.
The ogre hits you with a giant spiked club!
Ouch! That really hurt!
You hit the ogre.
The ogre is heavily wounded.
You hit the ogre.
The ogre is heavily wounded.
You block the ogre's attack.
You barely miss the ogre.
The ogre is heavily wounded.
The ogre misses you.
You hit the ogre but do no damage.
The ogre is heavily wounded.
The ogre hits you with a giant spiked club!
Ouch! That really hurt!
You die...

.#.....#..##.####### .#
.#..(#....##.. ....###.###
.#.#.#.<..##.###...........
.#.#.#.#.###...#............
.#.#.#.#.###...#............
.#. #.........'.%........#
## #...#.###...#..........#
###.#.###...#####.######.###
...........@Og.(.(........
####.###########.###.......
..# #.# ..... ... #.. ....
... ##.. .## . ... # ####


You could see an ogre and a goblin.

Vanquished Creatures
  2 orc priests
  2 worker ants
  An orc wizard (D:4)
  An iguana (D:4)
  An ogre skeleton (D:4)
  2 gnolls (D:4)
  10 adders
  A giant mite (D:3)
  A worm (D:3)
  An iguana skeleton (D:4)
  A giant gecko (D:4)
  An ooze (D:2)
  18 orcs
  4 ball pythons
  12 bats
  7 giant cockroaches
  10 goblins
  8 hobgoblins
  3 jackals (D:4)
  2 quokkas
  A giant newt (D:3)
  8 kobolds
  12 rats
  A spectral orc (D:4)
110 creatures vanquished.

Vanquished Creatures (others)
  An orc wizard (D:4)
  A quokka (D:3)
  A kobold (D:3)
3 creatures vanquished.

Grand Total: 113 creatures vanquished

Notes
Turn   | Place    | Note
--------------------------------------------------------------
     0 | D:1      | Leibowitz, the Kobold Fighter, began the quest for the Orb.
     0 | D:1      | Reached XP level 1. HP: 14/14 MP: 1/1
   511 | D:1      | Reached XP level 2. HP: 19/19 MP: 2/2
  1007 | D:2      | Found a burning altar of Makhleb.
  1008 | D:2      | Found a shadowy altar of Dithmenos.
  1008 | D:2      | Found a snail-covered altar of Cheibriados.
  1047 | D:2      | Reached XP level 3. HP: 23/23 MP: 3/3
  1064 | D:2      | Reached skill level 1 in Dodging
  1264 | D:2      | Reached XP level 4. HP: 26/29 MP: 4/4
  1687 | D:3      | Reached skill level 1 in Stealth
  1936 | D:3      | Reached XP level 5. HP: 18/33 MP: 5/5
  2093 | D:3      | Found a blossoming altar of Fedhas.
  2530 | D:3      | Gained mutation: You are covered in fur (AC +1). [potion of mutation]
  2530 | D:3      | Gained mutation: You are somewhat resistant to further mutation. [potion of mutation]
  2944 | D:3      | Reached XP level 6. HP: 38/38 MP: 6/6
  2953 | D:3      | Found a white marble altar of Elyvilon.
  4283 | D:4      | Reached skill level 4 in Dodging
  4895 | D:4      | Found a basalt altar of Yredelemnul.
  5010 | D:4      | Reached XP level 7. HP: 42/42 MP: 7/7
  5366 | D:5      | Entered Level 5 of the Dungeon
  5453 | D:5      | Mangled by an ogre

Action                   |  1- 3 |  4- 6 |  7- 9 || total
-------------------------+-------+-------+-------++-------
Melee: Cutlass           |    80 |   356 |    56 ||   492
Throw: Stone             |       |       |     3 ||     3
  Use: Potion            |     2 |     4 |     3 ||     9
       Scroll            |       |     4 |     1 ||     5
 Stab: Sleeping          |     1 |     6 |     2 ||     9
       Invisible         |       |     6 |       ||     6
       Distracted        |       |     1 |       ||     1
